[Event "FRA-ch Youth U18 2019"]
[Site "Hyeres"]
[Date "2019.04.19"]
[Round "7.4"]
[White "Brault, Gabriel"]
[Black "Pham, Arthur"]
[Result "1/2-1/2"]
[ECO "B21"]
[WhiteElo "1884"]
[BlackElo "2099"]
[Annotator "NA"]
[PlyCount "67"]
[EventDate "2019.04.14"]
[EventType "swiss"]
[EventCountry "FRA"]
[SourceTitle "playchess.com"]
[Source "ChessBase"]
[SourceQuality "1"]
[TimeControl "5400+30"]

1. e4 c5 2. Be2 Nc6 3. f4 g6 4. Nf3 Bg7 5. c3 d5 6. d3 e6 7. O-O Nge7 8. Be3 d4 9. Bf2 e5 10. cxd4 exf4 11. dxc5 Bxb2 12. Nbd2 O-O 13. Rb1 Bg7 14. Qa4 Qd7 15. Kh1 Rd8 16. Nb3 Qe6 17. Ng5 Qf6 18. Nf3 g5 19. d4 g4 20. Ne1 Qh6 21. g3 f5 22. d5 fxe4 23. dxc6 e3 24. c7 Rf8 25. Bxe3 fxe3 26. Rxf8+ Bxf8 27. Bxg4 Qg6 28. Bxc8 Qxb1 29. Be6+ Kh8 30. Qd4+ Bg7 31. Qd8+ Bf8 32. Qd4+ Bg7 33. Qd8+ Bf8 34. Qd4+ 1/2-1/2

[Event "FRA-ch Youth U18 2019"]
[Site "Hyeres"]
[Date "2019.04.20"]
[Round "8.1"]
[White "Mazzella, Enzo"]
[Black "Travadon, Loic"]
[Result "1/2-1/2"]
[ECO "C41"]
[WhiteElo "2249"]
[BlackElo "2456"]
[Annotator "ChessBase"]
[PlyCount "212"]
[EventDate "2019.04.14"]
[EventType "swiss"]
[EventCountry "FRA"]
[SourceTitle "playchess.com"]
[Source "ChessBase"]
[SourceQuality "1"]
[TimeControl "5400+30"]

1. e4 e5 2. Nf3 d6 3. d4 exd4 4. Nxd4 Nf6 5. Nc3 Be7 6. Bf4 O-O 7. Qd2 d5 8. exd5 Nxd5 9. Nxd5 Qxd5 10. Nb3 Qxd2+ 11. Nxd2 Bf5 12. O-O-O Nc6 13. Nb3 Bf6 14. Bd3 Bxd3 15. Rxd3 Nb4 16. Rd7 Nxa2+ 17. Kb1 Nb4 18. c3 Na6 19. Bxc7 b5 20. Bf4 Rfc8 21. Rc1 b4 22. Rd6 Rc4 23. Bg3 Nc5 24. Nxc5 Rxc5 25. cxb4 Rb5 26. Rdc6 h5 27. Rc8+ Rxc8 28. Rxc8+ Kh7 29. Bd6 Rd5 30. Bc5 Rd2 31. Ra8 Rxb2+ 32. Kc1 Re2 33. Kd1 Rb2 34. Kc1 Re2 35. Kd1 Rb2 36. Rxa7 Kg6 37. Rb7 Bh4 38. g3 Bg5 39. h4 Bf6 40. Ke1 Kf5 41. Kf1 Ke6 42. Kg2 Rc2 43. Ra7 g5 44. hxg5 Bxg5 45. Ra6+ Kf5 46. Ra5 Ke6 47. Ra1 h4 48. gxh4 Bxh4 49. Rb1 f5 50. Rb3 f4 51. Kf3 Rc4 52. Rd3 Bf6 53. Bd6 Bd4 54. Bxf4 Rxb4 55. Bg3 Rc4 56. Kg2 Ra4 57. Rb3 Ra5 58. Kh3 Kf5 59. Rf3+ Kg6 60. Rd3 Be5 61. f4 Bf6 62. Kg4 Ra4 63. Rd7 Rc4 64. Ra7 Rb4 65. Ra6 Kf7 66. Bf2 Bd4 67. Bh4 Rb1 68. Bg5 Rb6 69. Ra7+ Kg8 70. Rd7 Bg7 71. f5 Bf6 72. Bxf6 Rxf6 73. Kg5 Ra6 74. Re7 Kf8 75. Rh7 Kg8 76. Rh4 Kg7 77. Re4 Kf7 78. Rb4 Kg7 79. Rb7+ Kg8 80. Rb5 Kg7 81. Rc5 Kg8 82. Re5 Kf7 83. Rd5 Kg7 84. Rb5 Kg8 85. Rc5 Kg7 86. Rc7+ Kg8 87. Rc4 Kg7 88. Rc5 Kg8 89. Rc8+ Kg7 90. Rb8 Rc6 91. Ra8 Rb6 92. Ra5 Rc6 93. Ra1 Rb6 94. Rf1 Rb2 95. Rf4 Rg2+ 96. Rg4 Rxg4+ 97. Kxg4 Kf6 98. Kf4 Kf7 99. Ke5 Ke7 100. f6+ Kf7 101. Kf5 Kf8 102. Kf4 Kf7 103. Ke5 Kf8 104. Ke6 Ke8 105. f7+ Kf8 106. Kd6 Kxf7 1/2-1/2

[Event "FRA-ch Youth U18 2019"]
[Site "Hyeres"]
[Date "2019.04.20"]
[Round "8.2"]
[White "Gao, Etienne"]
[Black "Arnaud, Aurelien"]
[Result "1-0"]
[ECO "C86"]
[WhiteElo "2286"]
[BlackElo "2174"]
[Annotator "NA"]
[PlyCount "119"]
[EventDate "2019.04.14"]
[EventType "swiss"]
[EventCountry "FRA"]
[SourceTitle "playchess.com"]
[Source "ChessBase"]
[SourceQuality "1"]
[TimeControl "5400+30"]

1. e4 e5 2. Nf3 Nc6 3. Bb5 a6 4. Ba4 Nf6 5. O-O Be7 6. Qe2 b5 7. Bb3 O-O 8. c3 d5 9. d3 Be6 10. Rd1 Qd7 11. Nbd2 h6 12. Nf1 Rfe8 13. Ng3 Bf8 14. Bd2 Rad8 15. Be1 g6 16. Rac1 Bg7 17. c4 bxc4 18. dxc4 d4 19. Ba4 Bg4 20. h3 Bxf3 21. Qxf3 Re6 22. b4 Rb8 23. Rb1 Qc8 24. c5 Nd7 25. Rdc1 Na7 26. Qd3 c6 27. Bb3 Rf6 28. a4 Bf8 29. Bd1 a5 30. Bg4 axb4 31. Rxb4 Rxb4 32. Bxb4 h5 33. Bd1 Be7 34. Nf1 Qf8 35. Qa6 Nc8 36. a5 Kh7 37. Qc4 Rf4 38. Ba4 Na7 39. f3 g5 40. Qa6 Qa8 41. Ng3 g4 42. Nxh5 gxf3 43. Nxf4 exf4 44. Qd3 Ne5 45. Qxd4 Qg8 46. Rc2 Bf6 47. Qd2 Bg5 48. Qd6 f6 49. Bc3 fxg2 50. Bxe5 fxe5 51. Qd7+ Kh6 52. Qd6+ Kh7 53. Qd7+ Kh6 54. Qg4 Qd8 55. Rxg2 f3 56. Qxf3 Qd4+ 57. Kh1 Qxa4 58. Qf8+ Kh5 59. Qh8+ Bh6 60. Qxe5+ 1-0

[Event "FRA-ch Youth U18 2019"]
[Site "Hyeres"]
[Date "2019.04.20"]
[Round "8.3"]
[White "Profili, Emilio"]
[Black "Bournel, Antoine"]
[Result "0-1"]
[ECO "B27"]
[WhiteElo "1943"]
[BlackElo "2221"]
[Annotator "NA"]
[PlyCount "106"]
[EventDate "2019.04.14"]
[EventType "swiss"]
[EventCountry "FRA"]
[SourceTitle "playchess.com"]
[Source "ChessBase"]
[SourceQuality "1"]
[TimeControl "5400+30"]

1. e4 c5 2. Nf3 g6 3. d4 cxd4 4. Qxd4 Nf6 5. Bb5 a6 6. e5 axb5 7. exf6 Nc6 8. Qd3 b4 9. O-O e6 10. c4 Qxf6 11. Nbd2 Qf5 12. Ne4 d5 13. cxd5 exd5 14. Qxd5 Ra5 15. Qxf5 Bxf5 16. Re1 Bxe4 17. Rxe4+ Kd7 18. Bf4 Bg7 19. Re2 Rd5 20. Rae1 Ra8 21. b3 Bc3 22. Rc1 f6 23. h4 Ra6 24. Kh2 Raa5 25. g4 Rd3 26. Ne1 Rd4 27. Be3 Rxg4 28. Rd1+ Kc7 29. Ng2 h5 30. f3 Be5+ 31. f4 Bc3 32. Rf2 Ne7 33. Rc2 Nf5 34. Bf2 Kc6 35. Re1 Kd7 36. Rd1+ Kc6 37. Re1 Rd5 38. a3 Kd7 39. Re4 Bd2 40. axb4 Nd6 41. Re2 Bxf4+ 42. Nxf4 Rxf4 43. Rcd2 Re4 44. Kg3 Ke6 45. Kf3 Rxd2 46. Rxd2 Rxb4 47. Rd3 Nf5 48. Bc5 Rxh4 49. Kg2 Rg4+ 50. Kh2 Re4 51. Rd8 Re2+ 52. Kh3 Rb2 53. b4 g5 0-1

[Event "FRA-ch Youth U18 2019"]
[Site "Hyeres"]
[Date "2019.04.20"]
[Round "8.4"]
[White "Pham, Arthur"]
[Black "Jenny, Emile"]
[Result "1-0"]
[ECO "C54"]
[WhiteElo "2099"]
[BlackElo "1753"]
[Annotator "NA"]
[PlyCount "87"]
[EventDate "2019.04.14"]
[EventType "swiss"]
[EventCountry "FRA"]
[SourceTitle "playchess.com"]
[Source "ChessBase"]
[SourceQuality "1"]
[TimeControl "5400+30"]

1. e4 e5 2. Nf3 Nc6 3. Bc4 Bc5 4. c3 Nf6 5. d3 d6 6. h3 h6 7. b4 Bb6 8. a4 a5 9. b5 Ne7 10. Bb3 Ng6 11. O-O Nh5 12. d4 Qf6 13. Nxe5 dxe5 14. Qxh5 exd4 15. cxd4 Bxd4 16. Ra2 Be6 17. Bxe6 Qxe6 18. Rd2 O-O-O 19. Re1 Qb3 20. Red1 Qxb1 21. Qg4+ Kb8 22. Bb2 Qxb2 23. Rxb2 Bxb2 24. Qe2 Rxd1+ 25. Qxd1 Bf6 26. Qb3 Rf8 27. g3 Bd4 28. Qd5 Bb6 29. Kf1 f5 30. e5 f4 31. g4 c6 32. Qd6+ Bc7 33. Qxg6 Bxe5 34. Qe6 Bc7 35. b6 Rc8 36. bxc7+ Kxc7 37. Qe5+ Kb6 38. Qxg7 c5 39. Qxh6+ Rc6 40. Qxf4 c4 41. Qd4+ Ka6 42. Ke1 b5 43. Qd5 Rb6 44. Qa8# 1-0

[Event "FRA-ch Youth U18 2019"]
[Site "Hyeres"]
[Date "2019.04.21"]
[Round "9.2"]
[White "Gao, Etienne"]
[Black "Pham, Arthur"]
[Result "1/2-1/2"]
[ECO "B77"]
[WhiteElo "2286"]
[BlackElo "2099"]
[Annotator "NA"]
[PlyCount "86"]
[EventDate "2019.04.14"]
[EventType "swiss"]
[EventCountry "FRA"]
[SourceTitle "playchess.com"]
[Source "ChessBase"]
[SourceQuality "1"]
[TimeControl "5400+30"]

1. e4 c5 2. Nf3 d6 3. d4 cxd4 4. Nxd4 Nf6 5. Nc3 g6 6. Be3 Bg7 7. f3 Nc6 8. Bc4 O-O 9. Qd2 Nd7 10. h4 Nb6 11. Bb3 Na5 12. h5 Nbc4 13. Qe2 Nxe3 14. Qxe3 Nxb3 15. axb3 Bd7 16. O-O-O a5 17. f4 b5 18. f5 b4 19. Na4 gxf5 20. Nxf5 Bxf5 21. exf5 h6 22. Kb1 Kh7 23. Nb6 Rb8 24. Nd5 Be5 25. f6 exf6 26. Qe4+ Kh8 27. Ne3 Rg8 28. Nf5 Qf8 29. Qf3 Rd8 30. Rd5 Ra8 31. Rb5 Qe8 32. Qd5 Rg5 33. Nxh6 Ra7 34. g4 Bxb2 35. Nf5 Be5 36. Rxa5 Rxa5 37. Qxa5 Qc8 38. Ne3 Bd4 39. Nf5 Be5 40. Nh6 Kg7 41. Nf5+ Kh7 42. Qa7 Rxf5 43. gxf5 Qc3 1/2-1/2

[Event "FRA-ch Youth U18 2019"]
[Site "Hyeres"]
[Date "2019.04.21"]
[Round "9.3"]
[White "Bournel, Antoine"]
[Black "Lucas, Arthur"]
[Result "0-1"]
[ECO "D03"]
[WhiteElo "2221"]
[BlackElo "2301"]
[Annotator "NA"]
[PlyCount "153"]
[EventDate "2019.04.14"]
[EventType "swiss"]
[EventCountry "FRA"]
[SourceTitle "playchess.com"]
[Source "ChessBase"]
[SourceQuality "1"]
[TimeControl "5400+30"]

1. d4 Nf6 2. Nf3 g6 3. Bg5 Bg7 4. Nbd2 d5 5. e3 O-O 6. Be2 c5 7. c3 cxd4 8. exd4 Nc6 9. O-O Bf5 10. Qb3 b6 11. a4 h6 12. Bh4 Nh5 13. Rfe1 g5 14. Bg3 Nxg3 15. hxg3 e6 16. Bb5 Qc7 17. Re3 a6 18. Bd3 Bxd3 19. Rxd3 b5 20. Qd1 Na5 21. b4 Nc4 22. Nxc4 dxc4 23. Rd2 a5 24. Rb2 Rfb8 25. Qb1 axb4 26. Rxb4 Qa5 27. Ne5 Bxe5 28. dxe5 Qc7 29. Rxb5 Rxb5 30. axb5 Rb8 31. Qb4 Qxe5 32. b6 Qd5 33. Kh2 Qc6 34. Ra6 Kg7 35. Qe7 Qb7 36. Qc5 Rc8 37. Qd4+ Kg6 38. Ra4 Qd5 39. Qe3 Qd1 40. Qe4+ Kg7 41. b7 Rb8 42. Qe5+ f6 43. Qc7+ Kg6 44. Ra1 Rxb7 45. Qxb7 Qxa1 46. Qe4+ Kg7 47. Qxc4 Qe1 48. Qc5 Qe2 49. f3 h5 50. Qd4 Qe1 51. c4 h4 52. gxh4 gxh4 53. Qe4 Qg3+ 54. Kh1 h3 55. gxh3 Qxh3+ 56. Kg1 Kf7 57. Qb7+ Ke8 58. Qc8+ Ke7 59. Qc7+ Ke8 60. Kf2 Qh4+ 61. Ke2 Qd4 62. c5 Qc4+ 63. Ke3 Qc3+ 64. Kf4 Qd4+ 65. Kg3 Qg1+ 66. Kh4 Qh1+ 67. Kg4 Qg2+ 68. Qg3 Qxg3+ 69. Kxg3 Kd7 70. Kh4 Kc6 71. Kh5 Kxc5 72. Kg6 f5 73. Kg5 Kd4 74. Kf4 Kd3 75. Ke5 Ke3 76. Kxe6 f4 77. Ke5 {[%emt 0:05:11] Kd4+ [%clk 0:00:00]} 0-1

[Event "FRA-ch Youth U18 2019"]
[Site "Hyeres"]
[Date "2019.04.21"]
[Round "9.4"]
[White "Arnaud, Aurelien"]
[Black "Mazzella, Enzo"]
[Result "0-1"]
[ECO "D85"]
[WhiteElo "2174"]
[BlackElo "2249"]
[Annotator "NA"]
[PlyCount "70"]
[EventDate "2019.04.14"]
[EventType "swiss"]
[EventCountry "FRA"]
[SourceTitle "playchess.com"]
[Source "ChessBase"]
[SourceQuality "1"]
[TimeControl "5400+30"]

1. d4 Nf6 2. c4 g6 3. Nc3 d5 4. cxd5 Nxd5 5. Bd2 Nb6 6. e4 Bg7 7. Be3 O-O 8. h3 Nc6 9. Nf3 f5 10. exf5 gxf5 11. g3 Kh8 12. Be2 Nd5 13. h4 f4 14. Nxd5 Qxd5 15. gxf4 Bf5 16. Rg1 Nb4 17. Rc1 Qxa2 18. Qd2 Qb3 19. Qc3 Qxc3+ 20. Rxc3 Nd5 21. Rc5 c6 22. Bc4 b6 23. Bxd5 bxc5 24. Bxc6 Rac8 25. d5 h6 26. Ne5 Bf6 27. h5 Rg8 28. Rh1 Rb8 29. Bc1 Be4 30. Rh3 Rb4 31. f3 Bf5 32. Rh1 Rg2 33. b3 Rxb3 34. Ba4 Rb1 35. Kd1 Ra2 0-1